[Event "Titled Tuesday Blitz April 05 Early 2022"]
[White "Pliukha, Myhajlo"]
[Black "Silva, Miguel Antonio Neto"]
[WhiteFideId "14164698"]
[BlackFideId "1911929"]
[WhiteElo "2229"]
[BlackElo "2204"]
[Result "1/2-1/2"]
[Round "06"]
[TimeControl "180+1"]
[Date "2022.04.05"]
[WhiteClock "0:00:48"]
[BlackClock "0:00:56"]

1. e4 e5 2. Nf3 Nc6 3. d4 exd4 4. Bc4 Nf6 5. O-O Nxe4 6. Re1 d5 7. Nc3 dxc4 8. Rxe4+ Be7 9. Nxd4 O-O 10. Nxc6 bxc6 11. Qxd8 Bxd8 12. Rxc4 Bf5 13. Na4 Bf6 14. Bf4 Rfe8 15. Rxc6 Re2 16. Be3 Bd7 17. Rc4 Bxa4 18. Rxa4 Rxc2 19. Rxa7 Rxa7 20. Bxa7 Rxb2 21. Be3 h6 22. g4 Rc2 23. Rc1 Rxa2 24. Rxc7 Ra4 25. h3 Bd4 26. Bf4 Bxf2+ 27. Kxf2 Rxf4+ 28. Kg3 Rd4 29. Rc8+ Kh7 30. Rc7 f6 31. h4 Rd5 32. h5 Rg5 33. Kf4 Ra5 34. Rb7 Kg8 35. Rc7 Ra4+ 36. Kg3 Kh7 37. Rb7 Ra5 38. Kf4 Rc5 39. Ra7 Rc4+ 40. Kf5 Rc5+ 41. Kf4 Rd5 42. Rc7 Rb5 43. Ra7 Rc5 44. Rd7 Rb5 45. Rc7 Rb4+ 46. Kf5 Rb5+ 47. Kf4 Rb4+ 48. Kf5 Rb5+ 49. Kf4 1/2-1/2


[Site "https://www.chess.com"]

[Event "Titled Tuesday Blitz April 05 Early 2022"]
[White "Politov, Pavel Y."]
[Black "Polster, Christian"]
[WhiteFideId "24110515"]
[BlackFideId "12965081"]
[WhiteElo "2090"]
[BlackElo "2326"]
[Result "0-1"]
[Round "06"]
[TimeControl "180+1"]
[Date "2022.04.05"]
[WhiteClock "0:00:02"]
[BlackClock "0:00:05"]

1. e4 c5 2. Nf3 d6 3. d4 cxd4 4. Nxd4 Nf6 5. Nc3 a6 6. Bg5 e6 7. f4 h6 8. Bh4 Be7 9. Qf3 g5 10. fxg5 Nfd7 11. Qh5 Ne5 12. Nf3 Nbc6 13. O-O-O Nxf3 14. gxf3 Bxg5+ 15. Bxg5 Qxg5+ 16. Qxg5 hxg5 17. Rxd6 Ne5 18. Be2 Ke7 19. Rdd1 Rh4 20. Rdg1 f6 21. Nd1 Bd7 22. Ne3 Bc6 23. Nc4 Ng6 24. e5 Rah8 25. exf6+ Kxf6 26. Ne3 Nf4 27. Ng4+ Ke7 28. Kd2 Rh3 29. Ke3 Nxe2 30. Kxe2 Bxf3+ 31. Kf2 Bxh1 32. Rxh1 Rf8+ 33. Kg2 Rh4 34. Kg3 Rf4 35. Ne3 Re4 36. Re1 Rhg4+ 37. Kf3 Rgf4+ 38. Ke2 g4 39. Kd3 Re5 40. c4 Rf3 41. Kd4 Ra5 42. a3 Rg5 43. Nd5+ Kd6 44. c5+ Kc6 45. Nb4+ Kd7 46. Kc4 Rf4+ 47. Kb3 Rxc5 48. Rd1+ Ke7 49. Re1 Rf3+ 50. Ka2 b5 0-1


[Site "https://www.chess.com"]

[Event "Titled Tuesday Blitz April 05 Early 2022"]
[White "Polok, Kacper"]
[Black "Krysa, Leandro"]
[WhiteFideId "1137158"]
[BlackFideId "116807"]
[WhiteElo "2224"]
[BlackElo "2490"]
[Result "0-1"]
[Round "06"]
[TimeControl "180+1"]
[Date "2022.04.05"]
[WhiteClock "0:00:07"]
[BlackClock "0:00:02"]

1. e4 e5 2. Nf3 Nf6 3. d4 Nxe4 4. Nxe5 d6 5. Nf3 d5 6. Bd3 Be7 7. O-O Nc6 8. Nc3 Bf5 9. Re1 Nxc3 10. bxc3 Bxd3 11. Qxd3 O-O 12. c4 dxc4 13. Qxc4 Bf6 14. c3 Qd7 15. Bf4 b6 16. Ne5 Nxe5 17. Bxe5 Bxe5 18. Rxe5 Rfe8 19. Rae1 c6 20. h3 Rxe5 21. Rxe5 Re8 22. Qe2 Kf8 23. Rxe8+ Qxe8 24. Qf3 Qe6 25. g4 h6 26. Kg2 Ke7 27. Kg3 Kd7 28. a4 g5 29. Qd3 Kc7 30. c4 a5 31. Kg2 Kd6 32. Qg3+ Kd7 33. Qd3 Ke7 34. Kg3 Qd6+ 35. Kg2 Qf4 36. d5 cxd5 37. Qxd5 Qd6 38. Qb7+ Kf6 39. Kf3 Qd3+ 40. Kg2 Qd6 41. Kf3 Qc5 42. Kg2 Ke6 43. Qe4+ Kd6 44. Qd3+ Ke5 45. Kf3 Qc6+ 46. Ke3 Qc5+ 47. Kf3 Qc6+ 48. Ke3 Qxa4 49. Qd4+ Ke6 50. Qxb6+ Ke7 51. c5 Qa3+ 52. Ke4 Qa4+ 53. Ke5 Qa1+ 54. Kd5 Qa2+ 55. Kc6 a4 56. Kb7 a3 57. c6 Qd5 58. Qb4+ Qd6 59. Qxd6+ Kxd6 60. c7 a2 61. c8=Q a1=Q 62. Qf5 Qb2+ 63. Ka6 Qe5 64. Qxf7 Qa1+ 65. Kb7 Qb2+ 66. Kc8 Qc3+ 67. Kd8 Qa5+ 68. Ke8 Qa8# 0-1


[Site "https://www.chess.com"]

[Event "Titled Tuesday Blitz April 05 Early 2022"]
[White "Postnikov, Daniil"]
[Black "Chernov, Mikhail"]
[WhiteFideId "4166329"]
[BlackFideId "24143170"]
[WhiteElo "2261"]
[BlackElo "2189"]
[Result "0-1"]
[Round "06"]
[TimeControl "180+1"]
[Date "2022.04.05"]
[WhiteClock "0:00:13"]
[BlackClock "0:00:06"]

1. d4 d5 2. c4 c6 3. Nf3 Nf6 4. g3 Bf5 5. Nc3 e6 6. Nh4 Bg6 7. Qb3 Qb6 8. c5 Qc7 9. Bf4 Qc8 10. Nxg6 hxg6 11. Bg2 Nbd7 12. O-O e5 13. dxe5 Nxc5 14. Qc2 Nfd7 15. Rfd1 Ne6 16. e4 d4 17. Ne2 c5 18. b4 b6 19. Rac1 Qd8 20. h4 Nxf4 21. Nxf4 Nxe5 22. bxc5 Bxc5 23. Nd3 Nxd3 24. Qxd3 O-O 25. e5 Rc8 26. Qe4 Qe7 27. Bf1 Rfe8 28. f4 Qe6 29. Bd3 Qxa2 30. h5 gxh5 31. Qh7+ Kf8 32. Qh8+ Ke7 33. Qxg7 Qe6 34. f5 Rg8 35. Qxg8 Qxe5 36. Qg5+ Kf8 37. f6 Qxg5 0-1


[Site "https://www.chess.com"]

[Event "Titled Tuesday Blitz April 05 Early 2022"]
[White "Prado Lobo, Jonas"]
[Black "Shtyka, Sergey"]
[WhiteFideId "32050666"]
[BlackFideId "4138465"]
[WhiteElo "2214"]
[BlackElo "2014"]
[Result "0-1"]
[Round "06"]
[TimeControl "180+1"]
[Date "2022.04.05"]
[WhiteClock "0:00:03"]
[BlackClock "0:00:13"]

1. d4 c5 2. e4 cxd4 3. Nf3 Nc6 4. Nxd4 g6 5. Nxc6 dxc6 6. Qxd8+ Kxd8 7. Bc4 e6 8. Bd2 Bg7 9. Bc3 Bxc3+ 10. Nxc3 Ne7 11. O-O-O+ Kc7 12. e5 Nd5 13. Ne4 Bd7 14. Rd3 b5 15. Bb3 Nf4 16. Rf3 Ne2+ 17. Kd1 Nd4 18. Rxf7 Nxb3 19. axb3 Raf8 20. Rxf8 Rxf8 21. Nf6 h6 22. Ke2 c5 23. Rd1 Bc6 24. f3 Rd8 25. Rxd8 Kxd8 26. Ke3 a5 27. Kf4 c4 28. bxc4 bxc4 29. c3 Kc7 30. Ng8 Kb6 31. Nxh6 Kb5 32. Nf7 Ka4 33. Nd6 Kb3 34. g4 a4 35. h4 Kxb2 36. Nxc4+ Kxc3 37. Na3 Kb3 38. h5 gxh5 39. gxh5 Be8 40. h6 Bg6 41. Nb5 Kb4 42. Nd4 a3 43. Kg5 Bh7 44. Kf6 a2 45. Kg7 Bd3 0-1


[Site "https://www.chess.com"]

[Event "Titled Tuesday Blitz April 05 Early 2022"]
[White "Prieto Aranguren, Alain"]
[Black "Zavgorodniy, Sergiy"]
[WhiteFideId "2268906"]
[BlackFideId "14110148"]
[WhiteElo "2235"]
[BlackElo "2420"]
[Result "0-1"]
[Round "06"]
[TimeControl "180+1"]
[Date "2022.04.05"]
[WhiteClock "0:01:51"]
[BlackClock "0:01:45"]

1. d4 Nf6 2. c4 e6 3. Nc3 Bb4 4. e3 b6 5. Ne2 Ne4 6. Qc2 Bb7 7. a3 Bxc3+ 8. Nxc3 Nxc3 9. Qxc3 Qh4 10. b4 O-O 11. Bb2 d6 12. c5 Bd5 13. g3 Qh6 14. Rg1 Qxh2 15. e4 Bxe4 16. d5 e5 17. Qe3 Qxg1 18. Qxe4 bxc5 19. bxc5 Nd7 20. cxd6 cxd6 21. O-O-O Qxf2 22. Bd3 g6 23. Rh1 Rab8 24. Bc3 Rfc8 0-1


[Site "https://www.chess.com"]

[Event "Titled Tuesday Blitz April 05 Early 2022"]
[White "Przybylski, Wojciech"]
[Black "Petrova, Irina"]
[WhiteFideId "1117599"]
[BlackFideId "14124122"]
[WhiteElo "2133"]
[BlackElo "1993"]
[Result "1-0"]
[Round "06"]
[TimeControl "180+1"]
[Date "2022.04.05"]
[WhiteClock "0:01:06"]
[BlackClock "0:01:27"]

1. d4 d6 2. e4 Nf6 3. Nc3 e5 4. Nf3 Nbd7 5. Bc4 Be7 6. O-O O-O 7. a4 c6 8. a5 h6 9. Re1 Re8 10. h3 Bf8 11. b3 exd4 12. Nxd4 Ne5 13. Bf1 Qc7 14. f4 Ng6 15. Nf3 Bd7 16. Bd3 b5 17. axb6 axb6 18. Rxa8 Rxa8 19. e5 dxe5 20. fxe5 Nd5 21. Nxd5 cxd5 22. e6 Be8 23. Bxg6 fxg6 24. e7 Qc5+ 25. Kh1 Bxe7 26. Rxe7 Qxe7 27. Qxd5+ Kh7 28. Qxa8 Qe6 29. Bb2 Bc6 30. Qf8 Qg8 31. Qxg8+ Kxg8 32. Kg1 Kf7 33. Ne5+ 1-0


[Site "https://www.chess.com"]

[Event "Titled Tuesday Blitz April 05 Early 2022"]
[White "Rabineau, Clement"]
[Black "Sanchez, Robert"]
[WhiteFideId "628891"]
[BlackFideId "2034360"]
[WhiteElo "2237"]
[BlackElo "2289"]
[Result "0-1"]
[Round "06"]
[TimeControl "180+1"]
[Date "2022.04.05"]
[WhiteClock "0:00:03"]
[BlackClock "0:00:12"]

1. e4 e6 2. d4 d5 3. exd5 exd5 4. Bd3 Nf6 5. Qf3 Be7 6. Ne2 O-O 7. h3 c5 8. c3 Nc6 9. Be3 Be6 10. O-O a6 11. Nd2 Rc8 12. Rfe1 c4 13. Bc2 b5 14. a3 a5 15. Ng3 b4 16. axb4 axb4 17. Nf5 Bxf5 18. Bxf5 Ra8 19. Rxa8 Qxa8 20. Bg5 Rd8 21. Bb1 Qc8 22. Nf1 Rd6 23. Ng3 Re6 24. Re2 h6 25. Bh4 Rxe2 26. Nxe2 Qe6 27. Bf5 Qd6 28. Bg3 Qd8 29. Kh2 Bd6 30. Nf4 Ne7 31. Bb1 Qc7 32. Ne2 Bxg3+ 33. fxg3 Qd6 34. Nf4 b3 35. Qe3 Kf8 36. Qe5 Qxe5 37. dxe5 Nd7 38. e6 Nc5 39. exf7 Kxf7 40. g4 Na4 0-1


[Site "https://www.chess.com"]

[Event "Titled Tuesday Blitz April 05 Early 2022"]
[White "Rodchenkov, Vitaly"]
[Black "Nguyen Hong Nhung"]
[WhiteFideId "4152964"]
[BlackFideId "12412201"]
[WhiteElo "2337"]
[BlackElo "1758"]
[Result "0-1"]
[Round "06"]
[TimeControl "180+1"]
[Date "2022.04.05"]
[WhiteClock "0:00:59"]
[BlackClock "0:01:37"]

1. Nf3 f5 2. c4 Nf6 3. Nc3 g6 4. d4 Bg7 5. g3 O-O 6. Bg2 d6 7. O-O Qe8 8. Bf4 h6 9. h4 Nh5 10. Bd2 e5 11. dxe5 dxe5 12. Nd5 Na6 13. Bc3 c6 14. Nb4 Nc5 15. Qd6 Ne4 16. Qd3 Nxc3 17. bxc3 e4 18. Qd6 exf3 19. Bxf3 Nf6 20. Nxc6 bxc6 21. Bxc6 Bd7 22. Bxa8 Qxa8 23. f3 Rc8 24. Rfd1 Rxc4 25. Qe7 Qe8 26. Qa3 Qxe2 27. Qxa7 Qxf3 28. Rxd7 Qxg3+ 29. Kf1 Nxd7 30. Qxd7 Rf4+ 31. Ke2 Rf2+ 32. Kd1 Qg1# 0-1


[Site "https://www.chess.com"]

[Event "Titled Tuesday Blitz April 05 Early 2022"]
[White "Ronka, Erik"]
[Black "Terletsky, Oleg"]
[WhiteFideId "505080"]
[BlackFideId "14116774"]
[WhiteElo "2264"]
[BlackElo "2064"]
[Result "1-0"]
[Round "06"]
[TimeControl "180+1"]
[Date "2022.04.05"]
[WhiteClock "0:00:19"]
[BlackClock "0:00:09"]

1. e4 e5 2. Bc4 Nc6 3. Nc3 Nf6 4. d3 Bc5 5. f4 d6 6. Nf3 Bg4 7. Na4 Bb6 8. Nxb6 axb6 9. c3 O-O 10. O-O exf4 11. Bxf4 d5 12. exd5 Nxd5 13. Bxd5 Qxd5 14. Bxc7 Rxa2 15. Rxa2 Qxa2 16. Qc2 Qa5 17. Qf2 Qd5 18. Qxb6 Qxd3 19. Qxb7 Qe3+ 20. Rf2 Qc1+ 21. Rf1 Qe3+ 22. Kh1 Bxf3 23. gxf3 Qe2 24. Kg1 Qe3+ 25. Kg2 Ne5 26. Qe4 Qg5+ 27. Kh1 Ng6 28. Bg3 h5 29. f4 Qg4 30. Qf3 Qh3 31. f5 Ne7 32. Bd6 Qxf3+ 33. Rxf3 Re8 34. Re3 1-0


[Site "https://www.chess.com"]

[Event "Titled Tuesday Blitz April 05 Early 2022"]
[White "Rosenberg, Evan S"]
[Black "Ivanov, Mike"]
[WhiteFideId "2019299"]
[BlackFideId "2613158"]
[WhiteElo "2266"]
[BlackElo "2182"]
[Result "0-1"]
[Round "06"]
[TimeControl "180+1"]
[Date "2022.04.05"]
[WhiteClock "0:00:26"]
[BlackClock "0:00:10"]

1. d4 Nf6 2. Nf3 e6 3. c4 c5 4. g3 cxd4 5. Nxd4 d5 6. cxd5 Qxd5 7. Nf3 Qxd1+ 8. Kxd1 Nc6 9. Nc3 Bb4 10. Nb5 O-O 11. a3 Rd8+ 12. Kc2 Be7 13. Bf4 Nh5 14. Bc7 Rd7 15. g4 a6 16. gxh5 axb5 17. Bb6 Bf6 18. e3 b4 19. Bb5 bxa3 20. Rxa3 Rxa3 21. bxa3 Rd5 22. a4 Rxh5 23. Rd1 Rd5 24. Rxd5 Nb4+ 25. Kb3 Nxd5 26. Bd4 Be7 27. Be5 f6 28. Bg3 e5 29. Bc4 Be6 30. Nd2 Kf7 31. Ne4 f5 32. Nc3 Nxc3 33. Kxc3 Bxc4 34. Kxc4 Ke6 35. Kb5 Bd8 36. f3 Kd5 37. Be1 e4 38. f4 g5 39. Bg3 h6 40. h3 g4 41. h4 h5 42. Bf2 Bc7 43. Be1 Bd6 44. Kb6 Bc5+ 45. Kxb7 Bxe3 46. a5 Bd4 47. a6 e3 48. Kc7 e2 49. Kd7 Ke4 50. Ke6 Kxf4 51. Kd5 Bg1 52. Kc4 Kf3 53. Kd3 f4 54. Bc3 g3 55. Bd4 Bxd4 56. Kxd4 e1=Q 57. a7 Qf2+ 58. Kd5 Qxa7 59. Ke5 Qa5+ 60. Kf6 Kg4 61. Kg6 f3 62. Kh6 f2 63. Kg6 f1=Q 64. Kh6 Qb1 65. Kg7 Qbb6 66. Kf8 Qaa7 67. Ke8 Qbb8# 0-1


[Site "https://www.chess.com"]

[Event "Titled Tuesday Blitz April 05 Early 2022"]
[White "Rozhkov, Viacheslav"]
[Black "Sovetbekova, Nurai"]
[WhiteFideId "4181484"]
[BlackFideId "13801910"]
[WhiteElo "2324"]
[BlackElo "1538"]
[Result "1-0"]
[Round "06"]
[TimeControl "180+1"]
[Date "2022.04.05"]
[WhiteClock "0:00:05"]
[BlackClock "0:00:15"]

1. e4 c5 2. Nf3 d6 3. d4 cxd4 4. Nxd4 Nf6 5. Nc3 a6 6. f4 e5 7. Nf3 Nbd7 8. a4 Qc7 9. Bd3 b6 10. O-O Bb7 11. Qe1 Be7 12. Nh4 Nc5 13. Nf5 O-O-O 14. Be3 Ncxe4 15. Nxe4 Nxe4 16. Nxe7+ Qxe7 17. Bxb6 f5 18. Qa5 Rd7 19. Bxa6 Nc5 20. Bxb7+ Kxb7 21. b4 Ne4 22. Rfd1 Nc3 23. Qa7+ Kc6 24. b5+ Nxb5 25. axb5+ Kxb5 26. Qa4+ Kxb6 27. Rdb1+ Kc7 28. Qa5+ Kc8 29. Qa8+ Kc7 30. Ra7# 1-0


[Site "https://www.chess.com"]

[Event "Titled Tuesday Blitz April 05 Early 2022"]
[White "Sahil, Tickoo"]
[Black "Bintang, Rasyid A. Hidayat"]
[WhiteFideId "5019710"]
[BlackFideId "7105355"]
[WhiteElo "2099"]
[BlackElo "2377"]
[Result "1/2-1/2"]
[Round "06"]
[TimeControl "180+1"]
[Date "2022.04.05"]
[WhiteClock "0:00:06"]
[BlackClock "0:01:15"]

1. d4 Nf6 2. c4 e6 3. Nc3 Bb4 4. Qc2 c5 5. dxc5 Nc6 6. Nf3 Qa5 7. Bd2 Qxc5 8. e3 O-O 9. a3 Bxc3 10. Bxc3 Qe7 11. Be2 d5 12. O-O e5 13. cxd5 Nxd5 14. Rfd1 Nxc3 15. Qxc3 f6 16. Rd2 Be6 17. Rad1 Rfd8 18. h3 Rxd2 19. Rxd2 Rd8 20. Rxd8+ Qxd8 21. Bc4 Qd6 22. Qb3 Bxc4 23. Qxc4+ Kf8 24. Qc2 g6 25. h4 Kg7 26. Qb3 b6 27. Qc2 h6 28. h5 f5 29. hxg6 Ne7 30. Qc3 Nxg6 31. Qd2 Qxd2 32. Nxd2 Kf7 33. Kf1 Ke6 34. Ke2 Ne7 35. Kd3 Kd5 36. e4+ fxe4+ 37. Nxe4 Nf5 38. Nf6+ Ke6 39. Ne4 Kd5 40. Nf6+ Ke6 41. Ne4 h5 42. g3 h4 43. gxh4 Nxh4 44. Ke3 Nf5+ 45. Kd3 Nd4 46. f4 Nb3 47. fxe5 Kxe5 48. Nd2 Nc5+ 49. Kc2 Kd5 50. b3 Ne6 51. Kc3 a5 52. a4 Nc5 53. Nc4 Ne4+ 54. Kd3 Nc5+ 55. Kc3 Kc6 56. Ne5+ Kd5 57. Nc4 1/2-1/2


[Site "https://www.chess.com"]

[Event "Titled Tuesday Blitz April 05 Early 2022"]
[White "Samaganova, Aleksandra"]
[Black "Decuigniere, Tom"]
[WhiteFideId "13800221"]
[BlackFideId "26093820"]
[WhiteElo "1859"]
[BlackElo "1997"]
[Result "1-0"]
[Round "06"]
[TimeControl "180+1"]
[Date "2022.04.05"]
[WhiteClock "0:00:15"]
[BlackClock "0:00:02"]

1. c4 Nf6 2. Nc3 e5 3. Nf3 d6 4. e3 Be6 5. d4 Nbd7 6. Be2 g6 7. O-O Bg7 8. Rb1 a5 9. a3 O-O 10. b4 axb4 11. axb4 exd4 12. exd4 d5 13. c5 Bf5 14. Rb3 Re8 15. Re1 c6 16. b5 Ne4 17. bxc6 Nxc3 18. Rxc3 bxc6 19. Bd3 Bxd3 20. Rxd3 Nf8 21. Bg5 Qc7 22. Bh4 Ne6 23. Bg3 Qa5 24. Rde3 Ra7 25. Be5 Rea8 26. Bxg7 Kxg7 27. Ne5 Qb5 28. Qg4 Ra1 29. Nxf7 Rxe1+ 30. Rxe1 Qb4 31. Qxe6 Ra7 32. Ng5 h6 33. Nf3 Rf7 34. Qe5+ Kh7 35. h3 Rf5 36. Qe7+ Kg8 37. Qe8+ Rf8 38. Qxg6+ Kh8 39. Qxh6+ Kg8 40. Re7 Qb1+ 41. Kh2 Qb8+ 42. g3 Rxf3 43. Qg7# 1-0


[Site "https://www.chess.com"]

[Event "Titled Tuesday Blitz April 05 Early 2022"]
[White "Sanchez Alvares, Kelvin Antonio"]
[Black "Lakshmi C"]
[WhiteFideId "3906680"]
[BlackFideId "25035347"]
[WhiteElo "2193"]
[BlackElo "1775"]
[Result "1-0"]
[Round "06"]
[TimeControl "180+1"]
[Date "2022.04.05"]
[WhiteClock "0:00:44"]
[BlackClock "0:00:07"]

1. e4 c5 2. Nf3 Nc6 3. d4 cxd4 4. Nxd4 Nf6 5. Nc3 e5 6. Ndb5 d6 7. Bg5 a6 8. Na3 b5 9. Nd5 Be7 10. Bxf6 Bxf6 11. c4 b4 12. Nc2 Rb8 13. b3 Be6 14. g3 a5 15. h4 Ne7 16. Bh3 h5 17. Bxe6 fxe6 18. Nxe7 Qxe7 19. Ne3 g6 20. Qd3 Rd8 21. O-O O-O 22. a3 g5 23. hxg5 Bxg5 24. axb4 axb4 25. Ng2 Qb7 26. Ra4 Rf7 27. Qe2 Rdf8 28. Qxh5 Rg7 29. Qg4 Rf6 30. Qe2 Rh6 31. Rfa1 Qb6 32. Ne3 Bxe3 33. Qxe3 Qxe3 34. fxe3 Rxg3+ 35. Kf2 Rhh3 36. Ra8+ Kf7 37. R1a7+ Kf6 38. Rf8+ Kg5 39. Rg8+ Kh4 40. Rh7# 1-0


[Site "https://www.chess.com"]

[Event "Titled Tuesday Blitz April 05 Early 2022"]
[White "Shandrygin, Nikita"]
[Black "Hoffmann, Asa"]
[WhiteFideId "24198668"]
[BlackFideId "2001470"]
[WhiteElo "2323"]
[BlackElo "2117"]
[Result "0-1"]
[Round "06"]
[TimeControl "180+1"]
[Date "2022.04.05"]
[WhiteClock "0:00:05"]
[BlackClock "0:01:17"]

1. Nf3 d6 2. g3 e5 3. Bg2 Nc6 4. d4 e4 5. Nfd2 d5 6. c4 Nf6 7. cxd5 Qxd5 8. e3 Bf5 9. Nc3 Qe6 10. Qb3 Qxb3 11. axb3 Bb4 12. h3 O-O 13. Ke2 Rfe8 14. g4 Bg6 15. g5 Bxc3 16. bxc3 Nd5 17. Bb2 a5 18. h4 f5 19. h5 Bf7 20. c4 Ndb4 21. g6 hxg6 22. h6 Nd3 23. Bc3 gxh6 24. Rxh6 Kf8 25. f3 exf3+ 26. Bxf3 Ndb4 27. d5 Ne5 28. Rxa5 Rxa5 29. Bxb4+ Kg7 30. Bxa5 Kxh6 31. Bxc7 Nd7 32. e4 g5 33. Kf2 Bg6 34. exf5 Bxf5 35. d6 b6 36. b4 Re5 37. Nf1 g4 38. Bg2 Kg5 39. Ne3 Be6 40. c5 bxc5 41. b5 c4 42. b6 Rb5 43. Bc6 Rb2+ 44. Ke1 g3 45. Bxd7 Bxd7 46. b7 Rxb7 47. Nxc4 Rb1+ 48. Ke2 Bg4+ 0-1


[Site "https://www.chess.com"]

[Event "Titled Tuesday Blitz April 05 Early 2022"]
[White "Shukhman, Anna"]
[Black "Reprintsev, Alexander"]
[WhiteFideId "54180058"]
[BlackFideId "14100541"]
[WhiteElo "1665"]
[BlackElo "2108"]
[Result "0-1"]
[Round "06"]
[TimeControl "180+1"]
[Date "2022.04.05"]
[WhiteClock "0:00:00"]
[BlackClock "0:00:11"]

1. e4 d5 2. exd5 Qxd5 3. Nc3 Qa5 4. d4 Nf6 5. Nf3 Nc6 6. Bc4 Bg4 7. Be3 O-O-O 8. h3 Qh5 9. Bxf7 Qxf7 10. hxg4 Nxg4 11. Ng5 Qf5 12. Qf3 Nxe3 13. Qxe3 Nxd4 14. O-O e5 15. Nce4 Be7 16. c3 Nc2 17. Qxa7 Nxa1 18. Qa8+ Kd7 19. Rd1+ Bd6 20. Qa4+ Ke7 21. Rxa1 h6 22. Nf3 b5 23. Nxd6 cxd6 24. Qxb5 Rb8 25. Qc4 Rxb2 26. Qc7+ Qd7 27. Qc4 Rf8 28. a4 Rf4 29. Qd3 Qa7 30. Qe3 Qxe3 31. fxe3 Rg4 32. Ne1 Rb6 33. a5 Ra6 34. Nd3 Rc4 35. Nb4 Ra7 36. Ra3 Kd7 37. a6 Rc5 38. Kf2 d5 39. Ke2 Kd6 40. Kd3 g5 41. e4 dxe4+ 42. Kxe4 Rc4+ 43. Kf5 e4 44. Kg6 e3 45. Kxh6 e2 46. Ra1 Rxc3 47. Re1 Re3 48. Kxg5 Rf7 49. Nc2 Re5+ 50. Kg4 Ra7 51. Nd4 Rae7 52. Nf3 Re4+ 53. Kg3 Kc6 0-1


[Site "https://www.chess.com"]

[Event "Titled Tuesday Blitz April 05 Early 2022"]
[White "Skliarov, Viktor"]
[Black "Lamaze, Simon"]
[WhiteFideId "14106736"]
[BlackFideId "36069264"]
[WhiteElo "2229"]
[BlackElo "1999"]
[Result "1-0"]
[Round "06"]
[TimeControl "180+1"]
[Date "2022.04.05"]
[WhiteClock "0:02:54"]
[BlackClock "0:02:50"]

1. e4 c5 2. Nf3 Nc6 3. Bb5 d6 4. d4 cxd4 5. Qxd4 Bd7 6. Bxc6 Bxc6 7. Nc3 Nf6 8. Bg5 e6 9. O-O-O Be7 10. Rhe1 O-O 11. Kb1 Qa5 12. Qd2 h6 13. Nd5 Nxd5 14. Qxa5 1-0


[Site "https://www.chess.com"]

[Event "Titled Tuesday Blitz April 05 Early 2022"]
[White "Stribuk, Artiom"]
[Black "Rottenwohrer Suarez, Juan"]
[WhiteFideId "13515659"]
[BlackFideId "32068182"]
[WhiteElo "2259"]
[BlackElo "2158"]
[Result "1/2-1/2"]
[Round "06"]
[TimeControl "180+1"]
[Date "2022.04.05"]
[WhiteClock "0:00:15"]
[BlackClock "0:00:12"]

1. b3 Nf6 2. Bb2 g6 3. Bxf6 exf6 4. c4 d5 5. cxd5 Qxd5 6. Nc3 Qa5 7. a3 Bg7 8. b4 Qh5 9. g3 O-O 10. Bg2 Nc6 11. e3 Bg4 12. f3 Be6 13. Nge2 Rad8 14. O-O Rfe8 15. d4 Qh6 16. Nf4 Bc4 17. Re1 f5 18. Rc1 g5 19. Nh3 Rxe3 20. Rxe3 Bxd4 21. Qe1 f4 22. Nd1 Be6 23. Nhf2 fxe3 24. Nxe3 a6 25. Kh1 Qf6 26. Ne4 Qg6 27. Nc2 Bb2 28. Rb1 Bg7 29. Rd1 Rxd1 30. Qxd1 h5 31. Ne3 g4 32. fxg4 hxg4 33. Nc5 Bc8 34. Nd5 Qd6 35. Qe2 b6 36. Ne4 Qe5 37. Qd1 Nd4 38. Nf4 Bb7 39. Nf2 Bxg2+ 40. Kxg2 f5 41. Qd3 b5 42. h3 gxh3+ 43. Kxh3 Bh6 44. Nh5 Qe3 45. Qxe3 Bxe3 46. Nd3 Kf7 47. Kg2 Nc2 48. Kf3 Bd4 49. Nhf4 Nxa3 50. Nd5 c6 51. Nc7 Nc2 52. Nxa6 Ke6 53. Nc7+ Kd6 54. Ne8+ Ke7 55. Nc7 Kd6 56. Na6 Na3 57. Kf4 Nc4 58. Kxf5 Ne3+ 59. Ke4 Nd5 60. Kf3 Nf6 61. g4 Bc3 62. Kf4 Nd5+ 63. Kf5 Ke7 64. g5 Ne3+ 65. Ke4 Nd5 66. Kf5 Kf7 67. Ke4 Ne7 68. Ne5+ Bxe5 69. Kxe5 Kg6 70. Kd6 Nd5 71. Kxc6 Nxb4+ 72. Nxb4 Kf5 73. Kc5 Kxg5 74. Kb6 Kf5 75. Ka5 Ke4 76. Nc2 Ke5 77. Kb4 Kd6 78. Na3 Ke6 79. Nb1 Kf6 80. Kc3 Ke6 81. Nd2 Kd5 82. Nb3 b4+ 83. Kd3 Ke5 84. Kc4 Ke4 85. Kc5 Ke5 86. Kc4 Ke4 87. Kxb4 1/2-1/2


[Site "https://www.chess.com"]

[Event "Titled Tuesday Blitz April 05 Early 2022"]
[White "Tanenbaum, Zachary"]
[Black "Vovk, Orest"]
[WhiteFideId "2060850"]
[BlackFideId "14113490"]
[WhiteElo "2168"]
[BlackElo "2203"]
[Result "1-0"]
[Round "06"]
[TimeControl "180+1"]
[Date "2022.04.05"]
[WhiteClock "0:00:10"]
[BlackClock "0:00:13"]

1. e4 g5 2. d4 h6 3. Nc3 Bg7 4. Bc4 c5 5. dxc5 Bxc3+ 6. bxc3 Qa5 7. Qf3 Nf6 8. e5 Qxc5 9. exf6 Qxc4 10. fxe7 d5 11. Qf6 Rg8 12. Be3 Rg6 13. Qh8+ Kxe7 14. Ne2 Nc6 15. f3 Re6 16. Kf2 b6 17. Rhe1 Bb7 18. Qg7 Re8 19. Nd4 Nxd4 20. Bxd4 Bc8 21. Qxh6 Kd6 22. Qxg5 Re2+ 23. Rxe2 Qxe2+ 24. Kg1 Be6 25. Qg3+ Kc6 26. Re1 Qxc2 27. h4 Qxa2 28. h5 Qd2 29. Re3 f6 30. Qf4 Kb5 31. c4+ Ka6 32. Ra3+ Kb7 33. Qxd2 1-0


[Site "https://www.chess.com"]

[Event "Titled Tuesday Blitz April 05 Early 2022"]
[White "Tarigan, Gilbert Elroy"]
[Black "Silva, Kaua Marques"]
[WhiteFideId "7108133"]
[BlackFideId "22701168"]
[WhiteElo "1908"]
[BlackElo "2071"]
[Result "1-0"]
[Round "06"]
[TimeControl "180+1"]
[Date "2022.04.05"]
[WhiteClock "0:01:42"]
[BlackClock "0:01:09"]

1. e4 c5 2. Nf3 Nc6 3. d4 cxd4 4. Nxd4 Nf6 5. Nc3 e5 6. Ndb5 d6 7. Bg5 a6 8. Bxf6 gxf6 9. Na3 b5 10. Nd5 f5 11. g3 fxe4 12. Bg2 Be6 13. Bxe4 Bg7 14. O-O Rc8 15. c3 Ne7 16. Nc2 Bxd5 17. Bxd5 Rc5 18. Ne3 Nxd5 19. Nxd5 Qa8 20. Qg4 O-O 21. Nf6+ Kh8 22. Qf5 Bxf6 23. Qxf6+ Kg8 24. Qg5+ Kh8 25. Qf6+ Kg8 26. Qxd6 Rd8 27. Qxc5 1-0


[Site "https://www.chess.com"]

[Event "Titled Tuesday Blitz April 05 Early 2022"]
[White "Tuleyeva-Aketayeva, Dana"]
[Black "Ciolacu, Alessia-Mihaela"]
[WhiteFideId "13701932"]
[BlackFideId "1252640"]
[WhiteElo "1875"]
[BlackElo "1804"]
[Result "0-1"]
[Round "06"]
[TimeControl "180+1"]
[Date "2022.04.05"]
[WhiteClock "0:00:38"]
[BlackClock "0:01:31"]

1. d4 Nf6 2. Nf3 c5 3. c3 g6 4. g3 Bg7 5. Bg2 O-O 6. O-O d6 7. Nbd2 Nc6 8. Re1 Qc7 9. b3 b5 10. Bb2 Bb7 11. Rc1 Rad8 12. a3 Qb8 13. e3 e5 14. d5 Nxd5 15. c4 bxc4 16. Nxc4 Nde7 17. e4 Nd4 18. Bxd4 cxd4 19. Nfd2 d5 20. exd5 Nxd5 21. Ne4 f5 22. Nc5 Nc3 23. Qc2 Bxg2 24. Kxg2 Qb5 0-1


[Site "https://www.chess.com"]

[Event "Titled Tuesday Blitz April 05 Early 2022"]
[White "Vlassov, Nikolai"]
[Black "Srebrnic, Marko"]
[WhiteFideId "4103360"]
[BlackFideId "14603616"]
[WhiteElo "2407"]
[BlackElo "2340"]
[Result "1/2-1/2"]
[Round "06"]
[TimeControl "180+1"]
[Date "2022.04.05"]
[WhiteClock "0:00:16"]
[BlackClock "0:00:11"]

1. e4 c5 2. c3 Nf6 3. e5 Nd5 4. d4 cxd4 5. cxd4 e6 6. Nc3 d6 7. f4 g5 8. fxg5 Nxc3 9. bxc3 dxe5 10. Nf3 exd4 11. cxd4 Bb4+ 12. Bd2 Qa5 13. Rb1 Bxd2+ 14. Qxd2 Qxd2+ 15. Kxd2 Nc6 16. Bb5 Bd7 17. d5 exd5 18. Rhe1+ Kd8 19. Bxc6 bxc6 20. Ne5 Re8 21. Rb7 Rxe5 22. Rxe5 Kc8 23. Rb4 Be6 24. Rh4 Kd7 25. Rxh7 Kd6 26. Re3 d4 27. Ra3 a5 28. h4 a4 29. h5 Kc5 30. g6 fxg6 31. hxg6 Kb4 32. Rf3 Bxa2 33. g7 Rg8 34. Rf8 a3 35. Rxg8 Bxg8 36. Rh8 a2 37. Rxg8 a1=Q 38. Rb8+ Kc5 39. g8=Q Qc3+ 40. Kd1 Qd3+ 41. Kc1 Qc3+ 42. Kb1 Qd3+ 43. Ka2 Qa6+ 44. Kb2 Qe2+ 45. Ka1 Qe1+ 46. Rb1 Qa5+ 47. Qa2 Qc3+ 48. Qb2 Qa5+ 49. Qa2 Qc3+ 50. Rb2 Qe1+ 51. Qb1 Qa5+ 52. Ra2 Qc3+ 53. Qb2 Qe1+ 54. Qb1 Qc3+ 55. Rb2 Qa5+ 56. Ra2 Qc3+ 1/2-1/2


[Site "https://www.chess.com"]